[Event "Early-Titled-Tuesday-Blitz-May-28-2024"]
[Site "Chess.com"]
[Date "2024.05.28"]
[Round "1"]
[White "Bykov_Egor"]
[Black "ploxoi"]
[Result "1-0"]
[WhiteElo "2664"]
[BlackElo "2365"]
[TimeControl "180+1"]
[EndTime "8:08:51 PDT"]
[Termination "Bykov_Egor won by resignation"]

1. e4 e6 2. d4 d5 3. Nc3 Bb4 4. e5 Ne7 5. Qg4 c5 6. a3 Qa5 7. Bd2 cxd4 8. Nb1 Nbc6 9. Nf3 Ng6 10. Bd3 Bxd2+ 11. Nbxd2 Bd7 12. b4 Nxb4 13. Bxg6 hxg6 14. O-O Nc6 15. Nb3 Qc7 16. Rfe1 Rh5 17. Qf4 Qd8 18.
Nbxd4 Nxd4 19. Qxd4 b6 20. a4 Rc8 21. a5 Rc4 22.
Qd2 b5 23. a6 b4 24. Reb1 Qb6 25. Qd3 Rf5 26. c3 Bb5 27. Nd4 Rc5 28. Qh3 Rh5 29. Qg3 Rxc3 30. Qf4 Rc4 31. Rd1 Qd8 32. Qe3 Bd7 33.
Rab1 Qb8 34. Rdc1 Qxe5 35. Rxc4 Qxe3 36. fxe3 dxc4 37. Rxb4 Rc5 38. Kf2 c3 39. Ne2 c2 40.
Nc1 Bb5 41. Ke1 Bxa6 42. Kd2 Bf1 43. g3 Bh3 44. Rb8+ Kd7 45. Rf8 Ke7 46. Rg8 Kf6 47.
Ra8 a5 48. Rh8 Bf5 49. Rh4 Rd5+ 50. Ke2 Rd1 51. Nb3 c1=Q 52. Nxc1 Rxc1 53. e4 Rc4 54. e5+ Kxe5 55. Rxc4 Kd6 56. Ra4 Ke7 57. Rxa5 g5 58. Ke3 Kf6 59. Ra7 Kg6 60. Kd4 f6 61. Kc5 Kh6 62. Kd6 e5 63. Ke7 e4 64. Kf8 g6 65. Kg8 Kh5 66. Kg7 e3 67. Re7 Kg4 68. Rxe3 Kh3 69. Kxf6 Kxh2 70. Kxg5 Kh3 71. g4+ Kg2 72.
gxf5 1-0

[Event "Early-Titled-Tuesday-Blitz-May-28-2024"]
[Site "Chess.com"]
[Date "2024.05.28"]
[Round "1"]
[White "Schattman"]
[Black "aljado"]
[Result "0-1"]
[WhiteElo "2562"]
[BlackElo "2170"]
[TimeControl "180+1"]
[EndTime "8:08:57 PDT"]
[Termination "aljado won on time"]

1. Nf3 Nf6 2. c4 g6 3. b3 Bg7 4. Bb2 O-O 5. g3 d6 6. d4 c6 7. Bg2 Bg4 8. h3 Bc8 9. O-O Nbd7 10. Nc3 a5 11. e4 e5 12. dxe5 dxe5 13. Ba3 Re8 14. Qd2 Nf8 15. Qxd8 Rxd8 16. Rad1 Be6 17. Be7 Re8 18. Ba3 Red8 19. Ng5 h6 20. Bxf8 hxg5 21. Be7 Re8 22. Bd6 Nd7 23. Na4 b5 24. cxb5 cxb5 25. Nc5 Nxc5 26. Bxc5 a4 27. bxa4 Rxa4 28. a3 Bf8 29. Bxf8 Kxf8 30. Ra1 Rea8 31. Rab1 Bc4 32. Rfc1 Rxa3 33. Bf1 Bxf1 34. Kxf1 Rb8 35. Rb4 Ra4 36. Rb2 b4 37. Rb3 Ra3 38. Rbb1 b3 39. Kg2 Kg7 40. Rc3 Kf6 41. Rb2 Ke6 42. Kf3 f5 43. Ke3 f4+ 44. Kf3 fxg3 45. fxg3 Rf8+ 46. Kg4 Rb8 47. Rc6+ Kd7 48. Rxg6 Ra2 49. Rg7+ Ke6 50. Rb1 b2 51. Rc7 Ra1 52. Rxb2 Rxb2 53. Kxg5 Ra6 54. g4 Re2 55.
Rb7 Rxe4 56. h4 Rd4 57. h5 Rd7 58. Rb4 Kd5 59. h6 e4 60. Kh5 e3 61. g5 e2 62. Rb1 Re6 63. Re1 Kd4 64. g6 Rd5+ 65.
Kg4 Rxg6+ 66. Kf4 Rxh6 67. Rxe2 Rh4+ 68. Kg3 Re4 69. Ra2 Ke5 70. Ra8 Rb4 71. Re8+ Kd6 72. Rd8+ Kc6 73. Rb8 Rxb8 0-1

[Event "Early-Titled-Tuesday-Blitz-May-28-2024"]
[Site "Chess.com"]
[Date "2024.05.28"]
[Round "1"]
[White "MrLion3000"]
[Black "GiorgianBarbosa"]
[Result "0-1"]
[WhiteElo "2788"]
[BlackElo "2469"]
[TimeControl "180+1"]
[EndTime "8:09:07 PDT"]
[Termination "GiorgianBarbosa won by resignation"]

1. d4 Nf6 2. c4 e6 3. Nc3 d5 4.
cxd5 exd5 5. Bg5 c6 6. e3 Be6 7. Bd3 Nbd7 8. Qc2 Bd6 9. h3 h6 10. Bf4 Bxf4 11. exf4 Nb6 12. O-O-O Bd7 13. Re1+ Kf8 14.
Nf3 Qc7 15. Ne5 c5 16. dxc5 Qxc5 17. Kb1 Rc8 18. Qd2 g6 19. Rc1 Qd6 20. Ne2 Kg7 21.
Nd4 Rxc1+ 22. Rxc1 Rc8 23. Rxc8 Bxc8 24. Qc2 Bd7 25.
Bxg6 Qb4 26. Ndf3 Nc4 27. Nxc4 fxg6 28. Ne3 d4 29. a3 Qd6 30. Qd3 Qxf4 31. Qxd4 Qxd4 32.
Nxd4 Ne4 33. f3 Ng3 34. Kc2 Nh5 35. Kd3 Kf6 36. Ke4 Ke7 37. f4 Kd6 38. g4 Nf6+ 39.
Kd3 h5 40. g5 Ne8 41. h4 Ng7 42. Nf3 Nf5 43. Nxf5+ Bxf5+ 44. Kd4 Bb1 45. Ne5 Ke6 46. Ke3 Kf5 47. b4 b6 48. Kf3 Ke6 49. Ke3 Bc2 50.
Kf3 Bb1 51. Ke3 Kf5 52. Kf3 Bc2 53. Kg3 Bb1 54. Nf3 Ke6 55. Nd4+ Kd5 56. Ne2 Kc4 57. Kf3 Kb3 58. Nd4+ Kxa3 59. f5 gxf5 60. g6 Ba2 61. b5 Kb4 62. Kf4 Kc5 63. Nxf5 Kxb5 64. Ke5 a5 65.
Nd4+ Kb4 66. Ne6 Bb1 67. g7 Bh7 68. Nf8 Bg8 69. Nd7 a4 70. Nf6 Bf7 71. Nd5+ Kb3 72.
Nf4 a3 73. Nd3 a2 74. Nc1+ Kb2 75. Nxa2 Kxa2 76. Kd6 Kb3 77. Kc6 Kc4 78. Kxb6 Kd5 79. Kc7 Ke6 80. Kd8 Kf6 81. Kd7 Kxg7 82. Kd6 Kg6 83.
Ke5 Be8 84. Kf4 Bd7 0-1

[Event "Early-Titled-Tuesday-Blitz-May-28-2024"]
[Site "Chess.com"]
[Date "2024.05.28"]
[Round "1"]
[White "Meri-Arabidze"]
[Black "Naruto75_3"]
[Result "0-1"]
[WhiteElo "2680"]
[BlackElo "2402"]
[TimeControl "180+1"]
[EndTime "8:09:09 PDT"]
[Termination "Naruto75_3 won by checkmate"]

1. Nf3 d5 2. c4 d4 3. b4 c5 4. b5 Nf6 5. g3 Nbd7 6. Bg2 e5 7. d3 Bd6 8. O-O O-O 9. a4 Rb8 10. Ra2 b6 11. Nh4 Re8 12. a5 Nf8 13. Bc6 Bd7 14. Bxd7 Qxd7 15. e4 dxe3 16. Bxe3 e4 17. dxe4 Qe6 18.
Nc3 Be5 19. Nd5 Nxe4 20. Qf3 Nd6 21. Rc1 Red8 22. Nc7 Qe7 23. axb6 axb6 24. Nd5 Qe6 25. Nc7 Qe7 26. Na6 Rbc8 27. Nf5 Qf6 28. Nh4 Ne6 29. Qxf6 Bxf6 30. Nf3 Nf5 31. Re2 Ned4 32. Nxd4 cxd4 33. Bf4 d3 34. Rd2 Nd4 35. Kg2 Nb3 36.
Rcd1 Nxd2 37. Rxd2 Rxc4 38. Bc7 Rc2 39. Rd1 Rd7 40. Bxb6 d2 41. Be3 Rb2 42. b6 Bd4 43.
Nc5 Bxc5 44. Bxc5 f6 45. Kf3 Kf7 46. Ke2 Ke6 47. Be3 Kf5 48. Kf3 g5 49. h3 h5 50. g4+ hxg4+ 51. hxg4+ Kg6 52. Ke2 Re7 53. Rxd2 Rxb6 54. Kf3 Rb4 55. Rd6 Ree4 56. Bd2 Rbc4 57. Be3 Rxg4 58. Re6 Rh4 59. Ra6 Rh3+ 60. Kg2 Rh8 61. Kf3 Re8 62. Kg3 Re5 63. Kf3 Kf5 64. Rb6 Rd5 65. Ra6 Rh4 66. Rb6 Rh3+ 67. Kg2 g4 68.
Ra6 Rb5 69. Rc6 Rf3 70. Ra6 Rb2 71. Ra5+ Kg6 72. Kg1 g3 73. Bd4 gxf2+ 74. Kf1 Rb1+ 75. Ke2 f1=Q+ 76. Kd2 Qd3# 0-1

[Event "Early-Titled-Tuesday-Blitz-May-28-2024"]
[Site "Chess.com"]
[Date "2024.05.28"]
[Round "1"]
[White "mbojan"]
[Black "Preobrazhenska_D2011"]
[Result "1/2-1/2"]
[WhiteElo "2897"]
[BlackElo "2515"]
[TimeControl "180+1"]
[EndTime "8:09:11 PDT"]
[Termination "Game drawn by repetition"]

1. e4 c5 2. Nf3 d6 3. d4 cxd4 4.
Nxd4 Nf6 5. Nc3 a6 6. Bg5 Nbd7 7. Qe2 h6 8. Bh4 e6 9. O-O-O Be7 10. f4 Qc7 11. g4 b5 12. a3 Bb7 13. Rg1 Nb6 14.
Bxf6 gxf6 15. f5 e5 16. Nb3 Nc4 17. Rg3 Qb6 18. Kb1 O-O-O 19. Qe1 Kb8 20. Bxc4 bxc4 21. Nc1 Qc5 22. Nd5 Bxd5 23. Rxd5 Qb6 24. Na2 Rc8 25.
Qb4 Qxb4 26. Nxb4 Kb7 27. Rd1 Rc5 28. Nd5 Bd8 29. h4 Rg8 30. Rdg1 Kc6 31. Nb4+ Kb7 32. Rd1 a5 33. Nd5 Rc6 34. Nc3 Bb6 35. Nb5 Bc5 36. a4 Kb6 37. Rd2 Bb4 38. c3 Bc5 39. Kc2 Kb7 40.
Rdg2 Rcc8 41. g5 hxg5 42. hxg5 fxg5 43. Rxg5 Rxg5 44. Rxg5 Kc6 45. Rg7 Rf8 46. Rh7 Kb6 47. b3 cxb3+ 48. Kxb3 Kc6 49. Kc4 Be3 50. Kd3 Bc5 51.
c4 f6 52. Nc3 Rg8 53. Nd5 Rg3+ 54. Ke2 Bb6 55. Nxf6 Re3+ 56. Kd2 Ra3 57. Nd5 Rxa4 58. f6 Ra2+ 59. Ke1 Bf2+ 60. Kf1 Bb6 61. Ke1 Ra1+ 62.
Ke2 Ra2+ 63. Kf3 Rf2+ 64. Kg3 Rf1 65. Kg2 Rf2+ 66. Kg3 Rf1 67. Kg4 a4 68. Rh2 a3 69.
Ra2 Bc5 70. Kg5 Rg1+ 71. Kf5 Kd7 72. f7 Rf1+ 73. Kg6 Ke6 74. Nc7+ Kd7 75. Nd5 Ke6 76. Nc7+ Kd7 77. Nb5 Ke6 78. Nc7+ 1/2-1/2

[Event "Early-Titled-Tuesday-Blitz-May-28-2024"]
[Site "Chess.com"]
[Date "2024.05.28"]
[Round "1"]
[White "C_K_G"]
[Black "CrushingKings"]
[Result "1-0"]
[WhiteElo "2319"]
[BlackElo "2600"]
[TimeControl "180+1"]
[EndTime "8:09:13 PDT"]
[Termination "C_K_G won by resignation"]

1. e4 g6 2. Nf3 Bg7 3. d4 c6 4. c4 d5 5. cxd5 cxd5 6. e5 Bg4 7. Be2 Nc6 8. O-O e6 9. Nc3 Bxf3 10. Bxf3 Qb6 11.
Be3 Nge7 12. Qd2 Nf5 13. Rfd1 O-O 14. Ne2 Rac8 15. Bg5 h6 16. Bf6 Bxf6 17. exf6 Kh7 18. g4 Nh4 19. Bh1 Qd8 20. g5 e5 21. dxe5 Nxe5 22. Qxd5 Qxd5 23. Rxd5 Nef3+ 24. Bxf3 Nxf3+ 25. Kg2 Nxg5 26. Rd7 Rc2 27. Ng3 Rxb2 28. Re1 Rb6 29. h4 Ne6 30. a4 Nf4+ 31. Kf3 Ne6 32. a5 Rb3+ 33. Kg4 Rb4+ 34. Kf3 Rf4+ 35. Kg2 Rxf6 36. Rxb7 a6 37. Rb6 Kg7 38. h5 Nf4+ 39. Kf1 Rxb6 40. axb6 Rb8 41. Re4 Nxh5 42. Nxh5+ gxh5 43. Rb4 Kg6 44. Kg2 f5 45. Kg3 Kg5 46. f4+ Kf6 47. Kh4 Kg6 48. b7 Kh7 49. Kxh5 a5 50. Rb6 a4 51.
Rxh6+ Kg7 52. Rg6+ Kf7 53. Ra6 Rxb7 54. Rxa4 Ke6 55.
Kg6 Rb6 56. Ra8 Kd7+ 57. Kxf5 Rb5+ 58. Kg4 Ke7 59. Ra7+ Kf6 60. Ra6+ Kf7 61. f5 Rb1 62. Ra7+ Kf6 63. Ra6+ Kf7 64. Ra4 Rg1+ 65. Kf4 Kf6 66.
Ra6+ Ke7 67. Ra7+ Ke8 68. Ra6 Kf7 69. Ke5 Rf1 70. Ra7+ Kf8 71. Ke6 Rb1 72. Ra8+ Kg7 73. f6+ Kg6 74. Rg8+ Kh7 75. f7 Rb6+ 76. Ke7 Rb7+ 77.
Kf6 Rb6+ 78. Kf5 Rb5+ 79. Ke6 Rb6+ 80. Kd5 Rb5+ 81. Kc6 Rf5 82. f8=Q Rxf8 83. Rxf8 1-0

[Event "Early-Titled-Tuesday-Blitz-May-28-2024"]
[Site "Chess.com"]
[Date "2024.05.28"]
[Round "1"]
[White "dozer80"]
[Black "Chessbard1972"]
[Result "0-1"]
[WhiteElo "2704"]
[BlackElo "2415"]
[TimeControl "180+1"]
[EndTime "8:09:21 PDT"]
[Termination "Chessbard1972 won by checkmate"]

1. e4 e5 2. Nf3 Nc6 3. Bc4 Bc5 4. c3 Nf6 5. d3 d6 6. Bb3 a6 7. O-O Ba7 8. Nbd2 h6 9. Re1 O-O 10. Nf1 Ne7 11. Ng3 Ng6 12. h3 c6 13. d4 Be6 14. Bc2 Re8 15. Be3 Qc7 16. Qc1 b5 17.
a4 Bb6 18. Qd2 Rad8 19. axb5 axb5 20. Ra6 exd4 21. Nxd4 Bc8 22. Nxb5 Bxe3 23. Qxe3 cxb5 24. Raa1 b4 25. Bb3 bxc3 26. bxc3 Be6 27. Bxe6 Rxe6 28. Red1 Rde8 29. f3 d5 30. Nf5 dxe4 31. fxe4 Rxe4 32. Qf3 Qc5+ 33. Nd4 Re3 34. Qf2 Qxc3 35. Rac1 Qa3 36. Nc2 Qe7 37. Nxe3 Qxe3 38. Qxe3 Rxe3 39. Rc2 h5 40. Kf2 Re7 41. Re1 Rd7 42. g3 h4 43.
gxh4 Nxh4 44. Rc4 Ng6 45. Re2 Rd3 46. Kg2 Nh5 47. Rf2 Rg3+ 48. Kh2 Rd3 49. Kg2 f6 50. Kh2 Ne5 51. Rh4 Ng3 52. Rg2 Nf1+ 53. Kg1 Nd2 54. Ra4 Rxh3 55. Rxd2 Nf3+ 56. Kg2 Nxd2 57. Kxh3 Nf3 58.
Rf4 Ne5 59. Rd4 Kf7 60. Kg3 Kg6 61. Kf4 Nf7 62. Rd7 Ne5 63. Rc7 Nf7 64. Ke4 Ng5+ 65. Kd5 Kh6 66. Rc1 g6 67. Rh1+ Kg7 68. Rg1 Nf3 69.
Rg3 Ng5 70. Kd6 Kf7 71. Kd7 Ne4 72. Re3 f5 73. Ra3 Kf6 74. Ra6+ Kg5 75. Ke7 f4 76. Kf7 f3 77. Rxg6+ Kf4 78. Re6 Ke3 79. Re5 f2 80. Rf5 Nd6+ 81. Ke6 Nxf5 82. Kxf5 f1=Q+ 83. Ke6 Qf3 84. Kd6 Qe4 85. Kc7 Qd4 86. Kc6 Qd3 87.
Kb7 Qc3 88. Kb6 Qb2+ 89. Ka6 Qa1+ 90. Kb7 Kd4 91. Kc8 Kc4 92. Kd7 Qb2 93. Ke6 Qb6+ 94. Ke5 Kd3 95. Kf5 Ke2 96. Kg4 Qb4+ 97. Kg3 Kf1 98.
Kh2 Qf8 99. Kh1 Qg8 100. Kh2 Qg2# 0-1

[Event "Early-Titled-Tuesday-Blitz-May-28-2024"]
[Site "Chess.com"]
[Date "2024.05.28"]
[Round "1"]
[White "komogro"]
[Black "artin10862"]
[Result "0-1"]
[WhiteElo "2546"]
[BlackElo "3102"]
[TimeControl "180+1"]
[EndTime "8:09:33 PDT"]
[Termination "artin10862 won by checkmate"]

1. Nf3 Nf6 2. g3 d5 3. Bg2 Bg4 4. c4 c6 5. Ne5 Be6 6. Qb3 Nbd7 7.
Nxd7 Qxd7 8. d3 g6 9. O-O Bg7 10. Nc3 dxc4 11. dxc4 O-O 12. Rd1 Qc8 13. Bg5 b5 14. Qa3 Bxc4 15. Qxe7 Re8 16. Qc5 h6 17.
Bxf6 Bxf6 18. Qxc6 Bxc3 19. bxc3 Qf5 20. e4 Qe5 21. Rd4 Rac8 22. Qb7 Rc7 23. Qa6 b4 24. Rxc4 Re6 25. Qxe6 fxe6 26. Rxc7 Qxc7 27. cxb4 Qc3 28. Rb1 Qc2 29. Re1 Qxa2 30. b5 Qd2 31. Ra1 Qd4 32.
Ra6 Kf7 33. h4 e5 34. Bf3 Qc5 35. Kg2 Kg7 36. h5 gxh5 37. Bxh5 Qd4 38. Bf3 Kh7 39. Re6 Qc5 40. Rc6 Qe7 41. Bg4 Qb4 42. Bf5+ Kg8 43.
Rc8+ Kg7 44. Rc7+ Kf8 45. Rxa7 Qxb5 46. Rh7 Qb6 47. Rh8+ Kg7 48. Re8 Qd6 49. Re6 Qd4 50. Rg6+ Kf7 51. Rxh6 Qc3 52. Rh7+ Kf6 53. Rh6+ Kf7 54.
Re6 Kg7 55. Rd6 Kf7 56. Rd7+ Kf6 57. Rd6+ Kf7 58. g4 Qc1 59. Rd5 Qf4 60. Rd7+ Kf6 61. Rd6+ Ke7 62. Rg6 Kf7 63. Ra6 Ke7 64. Ra7+ Kf6 65.
Ra6+ Kf7 66. Ra7+ Kf6 67. Ra6+ Ke7 68. Ra7+ Kd6 69. Ra6+ Kc5 70. Rg6 Kd4 71. Rg8 Kd3 72.
Ra8 Qc1 73. Rb8 Ke2 74. Rb7 Qf1+ 75. Kg3 Qxf2+ 76. Kh3 Qe3+ 77. Kh4 Qh6+ 78. Kg3 Qf4+ 79. Kh4 Kf3 80. Rb3+ Kg2 81. Rb2+ Kg1 82. Rb1+ Kf2 83. Rb2+ Ke3 84. Rb3+ Kd4 85. Rg3 Qh6# 0-1

[Event "Early-Titled-Tuesday-Blitz-May-28-2024"]
[Site "Chess.com"]
[Date "2024.05.28"]
[Round "1"]
[White "FontVella8"]
[Black "MaiqMaster"]
[Result "0-1"]
[WhiteElo "2744"]
[BlackElo "2445"]
[TimeControl "180+1"]
[EndTime "8:09:34 PDT"]
[Termination "MaiqMaster won by resignation"]

1. e4 c5 2. Nf3 e6 3. d4 cxd4 4.
Nxd4 Nc6 5. Nc3 Qc7 6. Be3 a6 7. a3 b5 8. Nxc6 Qxc6 9. Be2 Bb7 10. O-O Qc7 11. Qd3 Nf6 12. Rfd1 b4 13. axb4 Bxb4 14. Bf3 O-O 15. Ra4 a5 16. Nb5 Qe5 17. Bd4 Qg5 18.
e5 Nd5 19. c3 Nf4 20. Qe3 Bxf3 21. Qxf3 Be7 22. g3 Nd5 23. h4 Qg6 24. c4 Nb4 25.
Be3 Qc2 26. Raa1 Qxc4 27. Rxd7 Qxb5 28. Rxe7 Nd5 29. Ra7 Rxa7 30. Bxa7 Ra8 31. Be3 Qxb2 32.
Qd1 Qxe5 33. Bd4 Qc7 34. Qb3 Qc6 35. Rxa5 Rc8 36. Rc5 Qd7 37. Qb5 Qe8 38. Rxc8 Qxc8 39. Be5 h6 40. Bd4 Qc1+ 41. Qf1 Qxf1+ 42. Kxf1 f5 43. Ke2 g5 44. hxg5 hxg5 45. Be5 g4 46.
Kd3 Kf7 47. Kd4 Ke7 48. Kc5 Kd7 49. Bd4 Ne7 50. Be5 Ng6 51. Bb8 Ne7 52. Be5 Nd5 53. Bd4 Nc7 54. Be5 Ne8 55. Kb5 Nd6+ 56. Kc5 Ne4+ 57.
Kd4 Nxf2 58. Bf4 Ne4 59. Be5 Kc6 60. Bf4 Nd6 61. Ke5 Kd7 62. Kd4 Nf7 63. Kc5 e5 64.
Bd2 Ke6 65. Kc4 Nd6+ 66. Kd3 Ne4 67. Be1 Kd5 68. Ke3 Nc5 69. Bb4 Nb7 70. Ba3 Nd6 71. Bb4 Nc4+ 72. Kd3 e4+ 73. Ke2 Ne5 74. Bd2 Nd3 75. Bh6 Kd4 76. Bg7+ Ne5 77. Bh6 Nf3 78. Bg7+ Kd5 79. Ke3 Ke6 80. Bc3 Ne5 81. Kf4 Nc4 82.
Bb4 Nd6 83. Bc3 Nf7 84. Ke3 Kd5 85. Bf6 Kc4 86. Kf4 Kd3 87. Be7 e3 88. Kxf5 Nh6+ 89.
Kg5 e2 90. Bb4 Ke3 91. Kh4 Kf2 92. Kg5 Kxg3 93. Kxh6 Kf3 94. Kg5 g3 95. Bc5 g2 96.
Bg1 e1=Q 0-1

[Event "Early-Titled-Tuesday-Blitz-May-28-2024"]
[Site "Chess.com"]
[Date "2024.05.28"]
[Round "1"]
[White "conformalfunction"]
[Black "kachsona"]
[Result "0-1"]
[WhiteElo "2327"]
[BlackElo "2637"]
[TimeControl "180+1"]
[EndTime "8:09:36 PDT"]
[Termination "kachsona won by checkmate"]

1. e4 e6 2. d4 d5 3. exd5 exd5 4. Bd3 Nf6 5. Nf3 c5 6. c3 Nc6 7. h3 c4 8. Bc2 Be7 9. O-O O-O 10. Bf4 b5 11. a3 Ne4 12. Nbd2 f5 13. Ne5 Nxe5 14.
Bxe5 Bd6 15. f4 Be6 16. Re1 Bxe5 17. dxe5 Qb6+ 18. Kh2 Rad8 19. Nf3 Qf2 20. Qc1 Qg3+ 21. Kg1 Qf2+ 22. Kh2 h6 23. Nd4 Qg3+ 24. Kg1 Nf2 25. Qe3 Nxh3+ 26. Kf1 Qxe3 27. Rxe3 Nxf4 28. g3 Rde8 29. gxf4 Bd7 30. Ke2 Re7 31. Kd2 a6 32. Rg1 Kh7 33. Reg3 Rg8 34. Rg6 Be8 35. Rxa6 g5 36.
fxg5 Rxe5 37. Rxh6+ Kg7 38. Rh2 Bg6 39. Rf2 Rf8 40. Rf4 Re7 41. Rg2 Rfe8 42. Rgf2 Re5 43. Nxf5+ Bxf5 44. Bxf5 Re3 45. Bc2 Re1 46. Bd1 R1e3 47.
Re2 Rd3+ 48. Kc2 Rh8 49. Rd2 Rg3 50. Rf5 Rhh3 51. Rfxd5 Kg6 52. Rd7 Kxg5 53. R7d5+ Kf4 54.
R5d4+ Ke5 55. Rd5+ Ke4 56. R5d4+ Ke5 57. Rd8 Rg7 58. Re8+ Kf4 59. Rf8+ Ke5 60. Re2+ Kd6 61. Rf6+ Kc7 62. Rd2 Rhg3 63. Rf5 Kb6 64. Rf6+ Kc7 65. Rf5 Kb6 66. Rfd5 Re7 67. a4 bxa4 68. Rh5 Kc6 69. Rdh2 Rge3 70. Rd2 Kb6 71. Bg4 Rg3 72.
Bd7 Rge3 73. Bxa4 Re2 74. Be8 Rxe8 75. Rh4 Rxd2+ 76. Kxd2 Kc5 77. Rh5+ Kc6 78. Kc2 Re2+ 79. Kb1 Re8 80. Kc2 Re2+ 81. Kb1 Re8 82. Ra5 Kb6 83. Ra4 Kb5 84. Rb4+ Kc5 85. Ra4 Rd8 86. Ka2 Kb5 87.
Ka3 Rd1 88. Rb4+ Kc5 89. Ra4 Ra1# 0-1

[Event "Early-Titled-Tuesday-Blitz-May-28-2024"]
[Site "Chess.com"]
[Date "2024.05.28"]
[Round "1"]
[White "tusplingher"]
[Black "Irina_Mikhaylova"]
[Result "0-1"]
[WhiteElo "2608"]
[BlackElo "2331"]
[TimeControl "180+1"]
[EndTime "8:09:42 PDT"]
[Termination "Irina_Mikhaylova won by resignation"]

1. c4 g6 2. g3 Bg7 3. Bg2 c5 4.
Nc3 Nc6 5. Nf3 e6 6. O-O Nge7 7.
d4 Nxd4 8. Nxd4 cxd4 9. Nb5 O-O 10. Nxd4 d5 11. cxd5 Nxd5 12. Nb3 Qb6 13. Bxd5 exd5 14. Be3 Qd8 15. Bd4 f6 16. Rc1 b6 17. Qd2 Be6 18. Rc3 Rc8 19. Rfc1 Qd7 20. Rxc8 Rxc8 21. Rxc8+ Qxc8 22. Qc3 Qxc3 23. Bxc3 Kf7 24. Kf1 Bd7 25. Bd4 Bf8 26.
Ke1 Bb4+ 27. Bc3 Bd6 28. Kd2 Ba4 29. Nd4 Be5 30. Nf3 Bd6 31. b3 Bb5 32. Nd4 Bd7 33.
Kd3 Be5 34. Nf3 Bb5+ 35. Kd2 Bd6 36. a4 Bd7 37. a5 Bc5 38. axb6 axb6 39. Bd4 Bg4 40. Bxc5 bxc5 41. Ne1 Bf5 42. Ng2 g5 43. Ne3 Be6 44. Nd1 d4 45. Kc2 Bf5+ 46. Kc1 Be6 47.
Kb2 Ke7 48. Ka3 Bd7 49. Nb2 Bb5 50. e3 Kd6 51. exd4 cxd4 52. Kb4 Bf1 53. Nc4+ Kd5 54. Nd2 Be2 55. Ka5 d3 56. b4 Kd4 57. b5 Kc3 58. b6 Kxd2 59. b7 Ke1 60. b8=Q d2 61. Qb4 Bd3 62. Qc3 Ke2 63. Qb2 Ke1 64. Qb4 Ke2 65. Qe7+ Kf1 66. Qxf6 d1=Q 67. Qxg5 Qb1 68. Qc5 Qa1+ 69. Kb6 Qf6+ 70. Kc7 Qf7+ 71. Kd8 Qg8+ 72.
Kc7 Qf7+ 73. Kd8 Bf5 74. Qd4 Kg2 75. f4 Kxh2 76. Qd2+ Kxg3 77. Qe3+ Kh4 78. Qf2+ Kg4 79. Qe2+ Kxf4 80. Qf2+ Kg5 81. Qg3+ Kf6 82. Qc3+ Kg6 83. Qg3+ Kh6 84. Qh4+ Kg7 85. Qg3+ Kh8 86. Qe5+ Kg8 87. Qg3+ Bg6 88. Qg1 Kg7 89. Qa1+ Qf6+ 90. Qxf6+ Kxf6 91. Kd7 h5 92. Kd6 Kf5 93. Kd5 Kf4 94. Kd4 Kf3 95. Ke5 Kf2 96. Kf6 h4 97. Kg5 h3 98. Kg4 h2 99.
Kh3 h1=Q+ 0-1

[Event "Early-Titled-Tuesday-Blitz-May-28-2024"]
[Site "Chess.com"]
[Date "2024.05.28"]
[Round "1"]
[White "zverr1"]
[Black "GMthekingindian"]
[Result "0-1"]
[WhiteElo "2642"]
[BlackElo "2369"]
[TimeControl "180+1"]
[EndTime "8:10:23 PDT"]
[Termination "GMthekingindian won on time"]

1. e4 c5 2. Nf3 e6 3. b3 b6 4. Bb2 Bb7 5. Qe2 Nc6 6. g3 d6 7. Bg2 Nf6 8. O-O Be7 9. e5 dxe5 10.
Nxe5 Qc7 11. Nxc6 Bxc6 12. Nc3 Bxg2 13. Kxg2 O-O 14. Qf3 Rad8 15. d3 a6 16. a4 Nd5 17.
Nxd5 exd5 18. Rae1 Qd6 19. Be5 Qd7 20. Re2 Rfe8 21.
Rfe1 f6 22. Bf4 d4 23. h4 b5 24. axb5 axb5 25. h5 h6 26. g4 Kh8 27. Qg3 Bf8 28. f3 Kg8 29. Qf2 Kf7 30. Re4 Rxe4 31. Rxe4 Re8 32. Qe2 Rxe4 33. Qxe4 Qe7 34. Qg6+ Kg8 35. Kf2 Qe6 36. Bxh6 c4 37. Bf4 cxb3 38. cxb3 Qxb3 39.
h6 Qc2+ 40. Kg3 Qd1 41. h7+ Kh8 42. Bh6 Qg1+ 43. Kf4 Qh2+ 44. Ke4 Qxh6 45. Qf7 Qxh7+ 46.
Kxd4 Qg8 47. Qh5+ Qh7 48. Qe8 Qg8 49. Qh5+ Qh7 50. Qe8 Kg8 51. Qxb5 Qg6 52. Qd5+ Qf7 53. Qf5 Qe7 54. Qd5+ Qf7 55. Qf5 Qa7+ 56. Ke4 Qe7+ 57.
Kd4 Qb4+ 58. Ke3 Bc5+ 59. Ke2 Qb2+ 60. Kd1 Qb3+ 61. Ke2 Bf8 62. Qe4 Qf7 63. Kf2 Qe7 64.
Qd5+ Qf7 65. Qf5 g6 66. Qe4 Kg7 67. f4 Qe7 68. Qf3 Qd6 69. Kg2 Qe7 70. Qd5 Qf7 71. Qe4 Qe7 72. Qd4 Qd6 73. Qe4 Be7 74. Kh3 Kf7 75.
Qe3 Qe6 76. Qf3 Qd6 77. Qe3 Qd7 78. Qg3 Bd6 79. Qh4 Qe8 80. Qh7+ Ke6 81. f5+ gxf5 82. Qxf5+ Kf7 83. Qh7+ Ke6 84. Qe4+ Kd7 85. Qa4+ Ke7 86. Qe4+ Kf7 87. Qh7+ Kf8 88. Qh6+ Ke7 89. Qe3+ Kd7 90. Qf3 Bc7 91. Qf5+ Qe6 92. Qb5+ Qc6 93. Qf5+ Qe6 94. Qh7+ Kc6 95. Qh8 Qd6 96. Qe8+ Qd7 97. Qe4+ Qd5 98. Qa4+ Kd6 99. Qf4+ Qe5 100. Qb4+ Ke6 101. Qc4+ Ke7 102.
Qb4+ Bd6 103. Qb7+ Ke6 104. Qc8+ Kf7 105. Qd7+ Be7 106. Qa4 Qe3+ 107. Kh4 f5+ 108. g5 Qxg5+ 109. Kh3 Qh5+ 110. Kg3 Bd6+ 111. Kg2 Qg4+ 112. Kf1 Qxa4 0-1

[Event "Early-Titled-Tuesday-Blitz-May-28-2024"]
[Site "Chess.com"]
[Date "2024.05.28"]
[Round "1"]
[White "kecalk"]
[Black "Jospem"]
[Result "1/2-1/2"]
[WhiteElo "2544"]
[BlackElo "3024"]
[TimeControl "180+1"]
[EndTime "8:11:11 PDT"]
[Termination "Game drawn by repetition"]

1. Nf3 c5 2. g3 Nc6 3. Bg2 g6 4. O-O Bg7 5. c4 d6 6. Nc3 Bf5 7. d3 Qd7 8. e4 Bg4 9. Nd5 e6 10. Ne3 Bxf3 11. Bxf3 Nge7 12. Rb1 O-O 13. Bg2 a6 14. a3 b5 15. b4 cxb4 16. axb4 Rab8 17. Bd2 Nd4 18. Nc2 Rfc8 19. Nxd4 Bxd4 20. Qe2 Nc6 21. Kh1 Bg7 22. f4 Nd4 23. Qe3 bxc4 24. dxc4 Rxc4 25. Qd3 Rbc8 26. Rfc1 d5 27. exd5 exd5 28. Be3 Qf5 29. Qxf5 Nxf5 30. Bc5 Rd8 31. Bf1 Rxc1 32. Rxc1 Ra8 33.
Bg2 Rd8 34. Bf1 Bb2 35. Rb1 Bd4 36. Bxa6 Rb8 37. Bxd4 Nxd4 38. b5 Ne6 39. b6 Kf8 40. Kg2 Ke7 41. Kf3 Kd6 42. Ke3 Nc5 43. Bf1 Re8+ 44.
Kd4 Re4+ 45. Kc3 Kc6 46. Bg2 Rc4+ 47. Kd2 Rd4+ 48. Ke2 Ra4 49. Rb2 f5 50. h3 Ra3 51.
Bf3 Ra4 52. b7 Nxb7 53. Bxd5+ Kxd5 54. Rxb7 Ra3 55. Kf2 Ra2+ 56. Kf3 Ra3+ 57. Kg2 Ra2+ 58. Kf3 Ke6 59. Rxh7 Ra3+ 60. Kg2 Kf6 61. h4 Ra2+ 62. Kh3 Ra3 63. Rb7 Ra1 64. Rb6+ Kg7 65. Rb7+ Kh6 66. Rb6 Rh1+ 67. Kg2 Rc1 68. Kh3 Rc2 69. Ra6 Rb2 70. Rc6 Ra2 71. Rb6 Ra1 72. Kg2 Ra3 73. Rb8 Kh5 74. Rb6 Rc3 75. Ra6 Rb3 76.
Rc6 Rd3 77. Rb6 Rc3 78. Rd6 Ra3 79. Rc6 Ra8 80. Rb6 Rc8 81. Kh3 Rd8 82. Rb7 Kh6 83. Rb6 Re8 84. Ra6 Rb8 85. Rc6 Rb3 86. Rc8 Ra3 87.
Rh8+ Kg7 88. Rb8 Ra1 89. Rb7+ Kh6 90. Rb8 Rh1+ 91. Kg2 Rd1 92. Kh3 Rd2 93. Rh8+ Kg7 94. Rb8 Rd7 95. Rb5 Rd6 96. h5 Kh6 97. hxg6 Kxg6 98.
Kh4 Rc6 99. Ra5 Rb6 100. Rc5 Ra6 101. Rb5 Rc6 102. Rb8 Rc1 103. Rb6+ Kf7 104. Kg5 Rc3 105. Kxf5 Rxg3 106.
Rb7+ Kg8 107. Kf6 Rc3 108. f5 Rc6+ 109. Kg5 Ra6 110. Re7 Rb6 111. Re6 Rb7 112. Rg6+ Kf8 113. Rh6 Kg7 114. Rg6+ Kf8 115. Rc6 Kf7 116. Rh6 Kg7 117. f6+ Kg8 118. Kg6 Rg7+ 119. Kf5 Ra7 120. Rg6+ Kf8 121. Rg1 Ra5+ 122. Kg6 Ra2 123. Rg3 Rf2 124. Rg5 Rf1 125. Rg4 Rf2 126. Rg3 Rf1 127. Rb3 Rg1+ 128. Kf5 Rf1+ 129. Kg6 Rg1+ 130. Kf5 Rf1+ 131. Kg6 1/2-1/2

[Event "Early-Titled-Tuesday-Blitz-May-28-2024"]
[Site "Chess.com"]
[Date "2024.05.28"]
[Round "2"]
[White "Msb2"]
[Black "Renatoforf"]
[Result "1-0"]
[WhiteElo "3045"]
[BlackElo "2086"]
[TimeControl "180+1"]
[EndTime "8:12:42 PDT"]
[Termination "Msb2 won by resignation"]

1. d4 Nf6 2. c4 g6 3. Nc3 Bg7 4. e4 d6 5. Be2 O-O 6. Nf3 c5 7. O-O cxd4 8. Nxd4 Nc6 9. Be3 Bd7 10. h3 Nxd4 11.
Bxd4 Bc6 12. Qc2 a5 13. Rad1 a4 14. c5 dxc5 15. Bxf6 1-0

[Event "Early-Titled-Tuesday-Blitz-May-28-2024"]
[Site "Chess.com"]
[Date "2024.05.28"]
[Round "2"]
[White "Balla_Tamas"]
[Black "eltenedor"]
[Result "1-0"]
[WhiteElo "2480"]
[BlackElo "2183"]
[TimeControl "180+1"]
[EndTime "8:13:22 PDT"]
[Termination "Balla_Tamas won by resignation"]

1. Nf3 b6 2. e4 Bb7 3. Nc3 e6 4. d4 d6 5. Bd3 Nd7 6. O-O g6 7.
Bg5 Ne7 8. Qe2 h6 9. Bh4 Bg7 10. e5 Bxf3 11. Qxf3 dxe5 12. Bxe7 Qxe7 13. Qxa8+ 1-0

[Event "Early-Titled-Tuesday-Blitz-May-28-2024"]
[Site "Chess.com"]
[Date "2024.05.28"]
[Round "2"]
[White "GianmarcoVaR"]
[Black "hsd2016"]
[Result "1-0"]
[WhiteElo "2725"]
[BlackElo "2413"]
[TimeControl "180+1"]
[EndTime "8:13:39 PDT"]
[Termination "GianmarcoVaR won by resignation"]

1. g3 g6 2. Bg2 Bg7 3. Nf3 Nf6 4. O-O c5 5. d3 O-O 6. Nc3 d5 7. e4 dxe4 8. dxe4 Qxd1 9. Rxd1 Nc6 10. Be3 b6 11. h3 Bb7 12. Ne1 Rad8 13. f4 Nd4 14.
e5 Nd5 15. Nxd5 Bxd5 16. Bxd5 Rxd5 17. c3 1-0